 Dungeon Crawl Stone Soup version 0.14-a0-1863-gcc20582 (webtiles) character file.

99 Kae the Insei (level 3, -3/28 HPs)
             Began as a Draconian Transmuter on Jan 13, 2014.
             Slain by Sigmund
             ... wielding a +4,+2 scythe of distortion
              (12 damage)
             ... on Level 2 of the Dungeon.
             The game lasted 00:01:22 (1424 turns).

Kae the Insei (Draconian Transmuter)                Turns: 1424, Time: 00:01:22

HP  -3/28        AC  5     Str 12      XL: 3   Next: 89%
MP   5/6         EV 12     Int 13      God:
Gold 36          SH  0     Dex 12      Spells:  1 memorised,  5 levels left

rFire  . . .     SeeInvis .       - Unarmed
rCold  . . .     Clarity  .     (armour unavailable)
rNeg   . . .     Conserve .     (no shield)
rPois  +         rCorr    .     (helmet restricted)
rElec  .         rRot     .     (no cloak)
SustAb . .       Spirit   .     (no gloves)
rMut   .         Warding  .     (no boots)
Saprov . . .     Stasis   .     (no amulet)
MR     .....                    (no ring)
                                m - cursed ring of poison resistance

@: appendage (expiring), not resistant to hostile enchantments, unstealthy
A: unfitting armour, horns 2, AC +5
a: End Transformation


You were on level 2 of the Dungeon.
You were very hungry.
You had grown temporary horns.
You visited 1 branch of the dungeon, and saw 2 of its levels.

You collected 36 gold pieces.

Inventory:

Missiles
 b - 12 arrows
Comestibles
 a - 2 bread rations
 g - 6 grapes
 i - a pear
Scrolls
 c - a scroll of curse weapon {unknown}
 l - a scroll of enchant armour {unknown}
Jewellery
 m - a cursed ring of poison resistance (left hand)
Potions
 n - 2 potions of heal wounds {unknown}
 o - a potion of brilliance {unknown}
 p - a potion of speed {unknown}
 q - a potion of mutation {unknown}
 r - a potion of lignification {unknown}
Books
 d - a book of Changes

   Spells                             Type                      Level
   *Beastly Appendage                 Transmutation                1
   Sticks to Snakes                   Transmutation                2
   Spider Form                        Transmutation/Poison         3
   Ice Form                           Ice/Transmutation            4
   Blade Hands                        Transmutation                5


   Skills:
 - Level 1.1 Fighting
 - Level 1.7 Dodging
 + Level 4.8 Unarmed Combat
 - Level 2.0 Spellcasting
 - Level 2.0 Transmutations


You had 5 spell levels left.
You knew the following spells:

 Your Spells              Type           Power        Failure   Level  Hunger
a - Beastly Appendage     Trmt           #.....       12%         1    ##.....


Dungeon Overview and Level Annotations

Branches:
Dungeon (2/16)

Altars:

Annotations:
D:2 Sigmund


Innate Abilities, Weirdness & Mutations

Your plain brown scales are hard (AC +5).
Your body does not fit into most forms of armour.
Your cold-blooded metabolism reacts poorly to cold.
You have a pair of horns on your head.


Message History

Sigmund points at you and mumbles some strange words.
The magic dart hits you!
Sigmund says, "Don't worry, I'll kill you fast."
Sigmund laughs darkly.
Sigmund casts a spell at you. The magic dart hits you!
You are too injured to fight recklessly!
You are too injured to fight recklessly!
You are too injured to fight recklessly!
You are too injured to fight recklessly!
You are too injured to fight recklessly!
You are too injured to fight recklessly!
You are too injured to fight recklessly!
You are too injured to fight recklessly!
You are too injured to fight recklessly!
You are too injured to fight recklessly!
You are too injured to fight recklessly!
You are too injured to fight recklessly!
Sigmund hits you from afar with a glowing scythe!
You die...

#.# #.##..
#.# #.###.
#.# #.# #.
#.#
#######.###.
#.#
#...........
#.#
#.#########.
#.# ... #.#
#### #@# #
#.# # #@# .
#.# . ..# .
###


You could see Sigmund.

Vanquished Creatures
  Ijyb (D:2)
  An adder (D:2)
  2 giant geckos
  2 oozes (D:1)
  A ball python (D:1)
  2 bats (D:1)
  2 goblins (D:1)
  3 hobgoblins
  3 giant cockroaches (D:1)
  4 giant newts
  4 jackals (D:1)
  3 kobolds (D:1)
  7 rats
35 creatures vanquished.

Notes
Turn   | Place    | Note
--------------------------------------------------------------
     0 | D:1      | Kae, the Draconian Transmuter, began the quest for the Orb.
     0 | D:1      | Reached XP level 1. HP: 16/16 MP: 3/3
   356 | D:1      | Reached XP level 2. HP: 23/23 MP: 4/4
   554 | D:1      | Reached skill level 4 in Unarmed Combat
   699 | D:1      | Reached XP level 3. HP: 10/28 MP: 4/6
   946 | D:2      | Noticed Ijyb
   958 | D:2      | Killed Ijyb
  1418 | D:2      | Noticed Sigmund
  1424 | D:2      | Slain by Sigmund

Action                   || total
-------------------------++-------
Melee: Unarmed           ||   198
 Cast: Beastly Appendage ||     6
  Use: Scroll            ||     6
 Stab: Sleeping          ||     1
